 Dungeon Crawl Stone Soup version 0.24.1-4-ge52af88ad5 (webtiles) character file.

Game seed: 12311574124578559236, levelgen mode: deterministic

728 sailleon the Stinger (level 7, -6/41 HPs)
             Began as a Gargoyle Venom Mage on Apr 22, 2020.
             Mangled by an orc warrior
             ... wielding a +0 glaive
              (12 damage)
             ... on level 7 of the Dungeon.
             The game lasted 00:19:20 (5449 turns).

sailleon the Stinger (Gargoyle Venom Mage)          Turns: 5449, Time: 00:19:21

Health: -6/41      AC: 11    Str: 22    XL:     7   Next: 72%
Magic:  0/12       EV:  8    Int: 15    God:
Gold:   177        SH:  0    Dex:  8    Spells: 7/13 levels left

rFire    . . .     SeeInvis .   D - +2 dagger (venom)
rCold    . . .     Gourm    .   (no shield)
rNeg     + . .     Faith    .   E - +0 chain mail
rPois    ∞         Spirit   +   (no helmet)
rElec    +         Reflect  .   v - +0 cloak
rCorr    .         Harm     .   (no gloves)
MR       .....     Clarity  +   o - +0 pair of boots
Stlth    ..........             r - amulet of guardian spirit
HPRegen  0.13/turn              i - +3 ring of strength
MPRegen  0.13/turn              z - -5 ring of protection (curse)

@: mighty, very slightly contaminated
A: clarity, clumsy 1, negative energy resistance 1, robust 1, electricity
resistance, wild magic 1, unbreathing, petrification resistance, rot immunity,
AC +4
a: no special abilities


You were on level 7 of the Dungeon.
You were not hungry.

You visited 1 branch of the dungeon, and saw 5 of its levels.

You collected 177 gold pieces.

Inventory:

Hand Weapons
 a - a +2 hand axe of electrocution
 b - the +9 hunting sling of the Abyss {flame, Int+4}
   (You found it on level 4 of the Dungeon)

   It causes projectiles fired from it to burn those they strike, causing extra
   injury to most foes and up to half again as much damage against particularly
   susceptible opponents.
   It affects your intelligence (+4).
 d - a +0 dagger
 m - a +0 hand axe
 y - a +3 club
 C - a +2 dagger of holy wrath
 D - a +2 dagger of venom (weapon)
Missiles
 e - 198 stones
 g - 15 sling bullets
 n - 15 boomerangs (quivered)
 q - 7 javelins
 t - 40 poisoned darts
Armour
 j - a +0 robe
 o - a +0 pair of boots (worn)
 v - a +0 cloak (worn)
 E - a +0 chain mail (worn)
Jewellery
 i - a +3 ring of strength (left hand)
 l - a +3 ring of dexterity {unknown}
 r - an amulet of guardian spirit (around neck)
 u - an uncursed ring of protection from cold
 z - a cursed -5 ring of protection (right hand)
Scrolls
 s - a scroll of teleportation {unknown}
 G - a scroll of fear {unknown}
Potions
 f - a potion of haste {unknown}
 h - a potion of brilliance {unknown}
 k - a potion of lignification {unknown}
 p - a potion of magic {unknown}
 w - a potion of cancellation
 A - a potion of mutation
 B - a potion of curing {unknown}
Comestibles
 c - 8 rations
 F - a chunk of flesh


   Skills:
 + Level 1.1 Fighting
 - Level 2.2 Short Blades
 * Level 0.5 Axes
 - Level 0.2 Throwing
 * Level 3.4 Armour
 - Level 1.5 Dodging
 - Level 2.1 Stealth
 - Level 3.8 Spellcasting
 - Level 2.6 Conjurations
 - Level 2.5 Air Magic
 - Level 4.6 Poison Magic


You had 7 spell levels left.
You knew the following spells:

 Your Spells              Type           Power        Failure   Level  Hunger
a - Sting                 Conj/Pois      ###.         43%         1    None
b - Poisonous Vapours     Pois/Air       ###...       56%         2    ##.....
c - Mephitic Cloud        Conj/Pois/Air  ###.....     83%         3    ###....

Your spell library contained the following spells:

 Spells                   Type           Power        Failure   Level  Hunger
 Confusing Touch          Hex            #.....       89%         1    None
 Corona                   Hex            #......      89%         1    None
 Ensorcelled Hibernation  Hex/Ice        #.....       96%         2    ##.....
 Olgreb's Toxic Radiance  Pois           ###.....     96%         4    ####...
 Dazzling Spray           Conj/Hex       #.....       97%         3    ###....
 Confuse                  Hex            #.......     99%         3    ###....
 Gell's Gravitas          Tloc           #.........   99%         3    ###....
 Tukima's Dance           Hex            #.......     99%         3    ###....
 Petrify                  Tmut/Erth      #.......     100%        4    ####...
 Metabolic Englaciation   Hex/Ice        #.........   100%        5    ######.
 Venom Bolt               Conj/Pois      ###.......   100%        5    ######.
 Yara's Violent Unravell  Hex/Tmut       #.........   100%        5    ######.


Dungeon Overview and Level Annotations

Branches:
Dungeon (4/15)
 Temple: D:4-7

Altars:
Vehumet

Annotations:
D:4 3 runed translucent doors, Sassenached's ghost, amateur DrWn


Innate Abilities, Weirdness & Mutations

You are resistant to torment.
Your stone body is resilient. (AC +4)
You are immune to poison.
You resist negative energy. (rN+)
You are resistant to electric shocks. (rElec)
You can survive without breathing.
You are immune to petrification.
You are immune to rotting.
You possess an exceptional clarity of mind.
You are clumsy. (Dex -2)
You are robust. (+10% HP)
Your spells are a little harder to cast, but a little more powerful.


Message History

Press: ? - help, Dir - move target cursor, f/p - orc warrior
Aim: an orc warrior, wielding a +0 glaive and wearing a cursed +0 plate armour (severely wounded) Poisonous vapours surround the orc warrior!
The orc warrior is engulfed in poison gas.
The orc warrior is poisoned.
You aren't carrying any items that you can evoke.
Okay, then.
The orc warrior looks more healthy.
You feel very mighty all of a sudden.
The orc warrior hits you from afar with a +0 glaive!
* * * LOW HITPOINT WARNING * * *
The orc warrior closely misses you.
Okay, then.
You closely miss the orc warrior.
The orc warrior is almost dead.
The orc hits you but does no damage.
Your chain mail prevents you from hitting the orc warrior.
The orc warrior is almost dead.
The orc warrior hits you with a +0 glaive!
You die...

#.......##...#
.........###..##
.##..#.####.....##
#..#. ##.......##
#.. #. #.........#
# # #.........#
#.........#
#....oo...#
#....@....#
##.......##
#.........#
#.........#
#.........#
...........#
###.........#
.........##
.........##


You could see an orc warrior and an orc.

Vanquished Creatures
  A phantom (D:2)
  A howler monkey (D:4)
  3 orc priests
  3 hounds (D:4)
  Jessica (D:3)
  Natasha (thrice) (D:3)
  4 orc wizards
  A worker ant (D:4)
  A hound skeleton (D:4)
  10 adders
  5 worms
  A dart slug (D:3)
  A leopard gecko (D:7)
  11 orcs
  5 bats
  4 giant cockroaches
  14 goblins
  9 hobgoblins
  3 jackals (D:2)
  A quokka (D:4)
  5 frilled lizards
  6 kobolds
  8 rats
101 creatures vanquished.

Vanquished Creatures (others)
  4 plants (D:4)
4 creatures vanquished.

Grand Total: 105 creatures vanquished

Notes
Turn   | Place    | Note
-------+----------+-------------------------------------------
     0 | D:1      | sailleon the Gargoyle Venom Mage began the quest for the
                  | Orb.
     0 | D:1      | Reached XP level 1. HP: 10/10 MP: 3/3
   208 | D:1      | Reached XP level 2. HP: 15/15 MP: 3/5
   214 | D:1      | Learned a level 2 spell: Poisonous Vapours
  1236 | D:2      | Reached XP level 3. HP: 19/19 MP: 6/6
  1465 | D:2      | Reached skill level 1 in Armour
  1771 | D:2      | Reached XP level 4. HP: 24/24 MP: 7/7
  1828 | D:2      | Reached skill level 1 in Short Blades
  1865 | D:2      | Noticed a phantom
  1894 | D:2      | Killed a phantom
  1894 | D:2      | Reached skill level 1 in Air Magic
  1894 | D:2      | Reached skill level 4 in Poison Magic
  1894 | D:2      | Reached XP level 5. HP: 12/28 MP: 3/9
  2412 | D:2      | Learned a level 3 spell: Mephitic Cloud
  2663 | D:3      | Noticed Jessica
  2665 | D:3      | Killed Jessica
  2692 | D:3      | Reached XP level 6. HP: 33/33 MP: 0/10
  2805 | D:3      | Found a radiant altar of Vehumet.
  3184 | D:3      | Noticed Natasha
  3187 | D:3      | Killed Natasha
  3482 | D:3      | Noticed Natasha
  3484 | D:3      | Killed Natasha
  3726 | D:3      | Noticed Natasha
  3730 | D:3      | Killed Natasha
  3786 | D:4      | Reached XP level 7. HP: 23/37 MP: 3/12
  3806 | D:4      | Reached skill level 1 in Fighting
  3808 | D:4      | Gained mutation: You are clumsy. (Dex -2) [potion of
                  | mutation]
  3808 | D:4      | Gained mutation: You are robust. (+10% HP) [potion of
                  | mutation]
  3808 | D:4      | Gained mutation: You possess an exceptional clarity of
                  | mind. [potion of mutation]
  3808 | D:4      | Gained mutation: Your spells are a little harder to cast,
                  | but a little more powerful. [potion of mutation]
  4255 | D:4      | Got a dazzling hunting sling
  4572 | D:4      | Identified the +9 hunting sling of the Abyss {flame, Int+4}
                  | (You found it on level 4 of the Dungeon)
  5245 | D:4      | Found a runed translucent gate.
  5245 | D:4      | Identified the +9 whip "Ogito Wujown" {drain, Str+3 Int+4}
  5246 | D:4      | Found a runed translucent gate.
  5246 | D:4      | Noticed Sassenached's ghost (amateur DrWn)
  5248 | D:4      | Found a runed translucent gate.
  5290 | D:4      | You fall into a shaft and drop 3 floors!
  5449 | D:7      | Mangled by an orc warrior

Levels and vault maps discovered:
D:1:      dpeg_arrival_morbid_curiosity, layout_rooms
D:2:      layout_basic, minmay_tromino_v4_a
D:3:      layout_loops_corners, fiery_altar_vehumet,
          chequers_serial_rivers_small_b, lemuel_old_faithful, uniq_natasha,
          uniq_jessica
D:4:      layout_rooms, serial_shops, shop, gammafunk_ghost_nasty_kobolds,
          first_ration, minmay_close_crescents
D:7:      layout_rooms, minmay_temple_entry_wispy

Skill      XL: |  1  2  3  4  5  6  7 |
---------------+----------------------+-----
Armour         | 1 2 3 |  3.4
Short Blades   | 1 2 |  2.2
Air Magic      | 1 2 |  2.5
Poison Magic   | 4 |  4.6
Conjurations   | 2 |  2.6
Spellcasting   | 3 |  3.8
Fighting       | 1 |  1.1
Axes           | |  0.5
Throwing       | |  0.2
Dodging        | |  1.5
Stealth        | |  2.1

Action                   |  1- 3 |  4- 6 |  7- 9 || total
-------------------------+-------+-------+-------++-------
Melee: Unarmed           |     1 |       |       ||     1
       Dagger            |    53 |    89 |    55 ||   197
       Hand axe          |       |       |    18 ||    18
 Fire: Hunting sling     |       |       |     5 ||     5
Throw: Stone             |       |     7 |       ||     7
 Cast: Sting             |    10 |       |       ||    10
       Poisonous Vapours |     8 |    33 |    20 ||    61
  Use: Potion            |       |       |     4 ||     4
       Scroll            |       |       |     3 ||     3
 Stab: Sleeping          |     2 |     1 |       ||     3
  Eat: Chunk             |     3 |     8 |     4 ||    15
       Ration            |       |       |     1 ||     1
Armor: Robe              |    16 |    33 |    36 ||    85
       Chain mail        |       |       |     2 ||     2
Dodge: Dodged            |    38 |    52 |    45 ||   135
